AoeStats
← BLAZE12

Arabian Desert

508603176Analyzed
1v1 RM · 8d ago on Sep 23, 2026· 29m 40s· 2 players
Game mode
Random Map
Map size
Tiny (2 player)
Population
200
Speed
Normal
Resources
Standard
Victory
Conquest
Starting age
Dark Age
Ending age
Imperial Age
RankedLock teamsTeams togetherTeam positionsShared explorationLock speedFull tech treeHidden civsTurbo modeCheats
Victory
Defeat
🇺🇸 Hindustanis · United States
1082
+14
🇺🇦 Mongols · Ukraine
1029
-14
BLAZE12
9:10 Feudal Age
7:37 Loom
9:54 Double-Bit Axe
14:11 Horse Collar
19:09 Castle Age
21:26 Bloodlines
29:18 Scale Barding Armor
kick/vitalyrocky
7:08 Loom
10:23 Feudal Age
11:41 Double-Bit Axe
11:38 Horse Collar
16:45 Forging
17:41 Scale Barding Armor
22:10 Castle Age
21:44 Bloodlines
23:30 Iron Casting
23:36 Husbandry
24:24 Bow Saw
25:53 Fletching
29:23 Bodkin Arrow
Connection lost

Rejoining the realm…

Still unreachable

The connection could not be restored.

Session expired

The server has moved on; the page needs a fresh start.